 Dungeon Crawl Stone Soup version 0.16.1-11-g651b585 (webtiles) character file.

2869 jacksonaction the Destroyer (level 9, -1/67 HPs)
             Began as a Deep Elf Conjurer on Apr 5, 2015.
             Was a Believer of Sif Muna.
             Succumbed to a killer bee's poison
             ... on level 7 of the Dungeon.
             The game lasted 00:52:38 (7881 turns).

jacksonaction the Destroyer (Deep Elf Conjurer)     Turns: 7881, Time: 00:52:38

Health: -1/67      AC: 24    Str:  5    XL:     9   Next: 47%
Magic:  17/24      EV:  2    Int: 24    God:    Sif Muna [**....]
Gold:   227        SH:  0    Dex: 20    Spells: 3 memorised, 6 levels left

rFire  . . .     SeeInvis .     s - +1 dagger (elec)
rCold  . . .     Clarity  .     I - melded +0 robe
rNeg   + + +     SustAb   .     (no shield)
rPois  +         Gourm    .     (helmet currently unavailable)
rElec  .         Spirit   .     w - melded +0 cloak
rCorr  .         Warding  +     (gloves currently unavailable)
rMut   .         NoTele   +     (boots currently unavailable)
MR     .....                    Y - amulet of warding
Stlth  ++++......               U - +5 ring of dexterity
                                P - ring of stealth

@: lethally poisoned (-1 -> -22), tree-form, not resistant to hostile
enchantments, stealthy
A: no striking features
a: Channel Energy, Forget Spell, Renounce Religion


You were on level 7 of the Dungeon.
You worshipped Sif Muna.
Sif Muna was pleased with you.
You were hungry.
You were a tree.
You visited 1 branch of the dungeon, and saw 7 of its levels.

You collected 227 gold pieces.

Inventory:

Hand weapons
 s - a +1 dagger of electrocution (weapon)
 V - a +2 short sword of venom
Missiles
 d - 19 stones (quivered)
 q - 23 poisoned needles
Armour
 w - a +0 cloak (melded)
 I - a +0 robe (melded)
Jewellery
 r - an uncursed amulet of resist corrosion
 P - a ring of stealth (left branch)
 U - a +5 ring of dexterity (right branch)
 W - an uncursed amulet of stasis
 Y - an amulet of warding (around neck)
Magical devices
 K - a wand of slowing (16)
Scrolls
 g - 2 scrolls of fear
 i - 3 scrolls of remove curse
 k - 2 scrolls of blinking {unknown}
 l - a scroll of fog {unknown}
 m - 8 scrolls of identify
 n - 3 scrolls of teleportation
 o - a scroll of amnesia {unknown}
 J - a scroll of recharging {unknown}
 S - a scroll of magic mapping {unknown}
 Z - a scroll of enchant weapon {unknown}
Potions
 e - a potion of resistance {unknown}
 f - 2 potions of restore abilities
 h - a potion of flight {unknown}
 p - a potion of cancellation
 t - a potion of lignification
 v - a potion of curing {unknown}
 x - a potion of mutation {unknown}
 C - a potion of agility {unknown}
 D - a potion of haste {unknown}
 G - a potion of ambrosia {unknown}
 L - a potion of poison {unknown}
 N - a potion of might {unknown}
 O - a potion of magic {unknown}
 Q - a potion of invisibility {unknown}
Books
 c - a book of Conjurations

   Spells                             Type                      Level
   a - Magic Dart                     Conjuration                  1
   b - Searing Ray                    Conjuration                  2
   c - Dazzling Spray                 Conjuration/Hexes            3
   d - Fulminant Prism                Conjuration/Hexes            4
   e - Iskenderun's Mystic Blast      Conjuration                  4
   f - Iskenderun's Battlesphere      Conjuration/Charms           5
Comestibles
 a - 5 chunks of flesh
 b - 3 bread rations
 j - 2 meat rations
 z - 2 beef jerkies


   Skills:
 + Level 2.9 Short Blades
 - Level 2.4 Dodging
 - Level 2.4 Stealth
 - Level 3.0 Spellcasting
 - Level 10.6 Conjurations
 - Level 9.2 Charms
 - Level 6.8 Invocations


You had 6 spell levels left.
You knew the following spells:

 Your Spells              Type           Power        Failure   Level  Hunger
a - Magic Dart            Conj           ####         1%          1    None
b - Searing Ray           Conj           ######       1%          2    ##.....
c - Iskenderun's Battles  Conj/Chrm      ######..     6%          5    ######.


Dungeon Overview and Level Annotations

Branches:
Dungeon (7/15)             Temple (0/1) D:4

Altars:
Dithmenos
Elyvilon
Nemelex Xobeh
Ru
Sif Muna
Trog
Vehumet
The Shining One

Shops:
D:5 [


Message History

You feel sick.
The killer bee buzzes angrily.
The killer bee misses you. The killer bee stings you.
* * * LOW HITPOINT WARNING * * *
Your surroundings suddenly seem different.
* * * LOW HITPOINT WARNING * * *
You feel very sick.
Drink which item? (? for menu, Esc to quit)
It was a potion of restore abilities.
You feel refreshed.
* * * LOW HITPOINT WARNING * * *
You feel sick.
Drink which item? (? for menu, Esc to quit)
It was a potion of cancellation.
You feel magically purged.
* * * LOW HITPOINT WARNING * * *
You feel sick.
Drink which item? (? for menu, Esc to quit)
It was a potion of lignification.
You turn into a tree.
Your +0 cloak melds into your body.
Your +0 robe melds into your body.
Your roots penetrate the ground.
You die...

................'.#
................#.#
#.........#'#######
+....##+###..#
#....'.......#
#....#.......#
#....#.####.#######
######.####.##.##.#
. #...........♣.##
. #..#######.....#
. #..#.P..^#####.#
####P.P..##.##.#
#^P_.P.#....#
#^..^P#.#####
#^PPP.### #######


There were no monsters in sight!

Vanquished Creatures
  Pikel (D:4)
  2 hippogriffs
  A slave (D:4)
  A sky beast (D:6)
  A water moccasin (D:6)
  A phantom (D:7)
  An orc warrior (D:6)
  2 ogres (D:7)
  2 centaurs
  Duvessa (D:6)
  2 giant frogs (D:6)
  2 scorpions (D:6)
  A killer bee (D:7)
  Dowan (D:6)
  A hound (D:4)
  2 crimson imps (D:5)
  A jelly (D:5)
  A centaur zombie (D:5)
  Crazy Yiuf (D:3)
  A quasit (D:7)
  5 giant frog skeletons
  A centaur skeleton (D:4)
  An iguana (D:6)
  5 orc wizards
  5 worker ants
  An orc priest (D:6)
  A killer bee zombie (D:5)
  A hound skeleton (D:4)
  Robin (D:4)
  4 gnolls (D:5)
  8 adders
  A giant mite (D:2)
  A shadow imp (D:6)
  5 worms
  An adder skeleton (D:6)
  6 giant geckos
  19 orcs
  2 ball pythons
  A bat skeleton (D:4)
  2 giant cockroaches
  23 goblins
  17 hobgoblins
  6 jackals
  11 kobolds
  16 bats
  A giant gecko skeleton (D:4)
  6 giant newts
  16 rats
193 creatures vanquished.

Vanquished Creatures (others)
  An adder skeleton (D:4)
  A giant cockroach (D:4)
2 creatures vanquished.

Grand Total: 195 creatures vanquished

Notes
Turn   | Place    | Note
--------------------------------------------------------------
     0 | D:1      | jacksonaction, the Deep Elf Conjurer, began the quest for the Orb.
     0 | D:1      | Reached XP level 1. HP: 10/10 MP: 5/5
   159 | D:1      | Found a glowing golden altar of the Shining One.
   213 | D:1      | Reached XP level 2. HP: 15/15 MP: 4/8
   217 | D:1      | Learned a level 2 spell: Searing Ray
   262 | D:1      | Reached skill level 5 in Conjurations
   751 | D:2      | Reached XP level 3. HP: 17/19 MP: 0/10
   989 | D:2      | Found a sparkling altar of Nemelex Xobeh.
  1109 | D:2      | Found a white marble altar of Elyvilon.
  1130 | D:2      | Reached skill level 6 in Conjurations
  1445 | D:2      | Reached XP level 4. HP: 24/24 MP: 11/13
  1580 | D:2      | Found a bloodstained altar of Trog.
  2532 | D:3      | Noticed Crazy Yiuf
  2549 | D:3      | Killed Crazy Yiuf
  2549 | D:3      | Reached skill level 7 in Conjurations
  2549 | D:3      | Reached XP level 5. HP: 28/28 MP: 12/16
  2556 | D:3      | Learned a level 5 spell: Iskenderun's Battlesphere
  3026 | D:3      | Found a radiant altar of Vehumet.
  3074 | D:4      | Noticed a slave
  3185 | D:4      | Noticed a slave
  3201 | D:4      | Killed a slave
  3208 | D:4      | Noticed Pikel
  3210 | D:4      | Noticed a slave
  3210 | D:4      | Noticed a slave
  3233 | D:4      | Reached XP level 6. HP: 32/32 MP: 12/18
  3242 | D:4      | Killed Pikel
  3242 | D:4      | Reached skill level 9 in Charms
  3242 | D:4      | Reached XP level 7. HP: 33/36 MP: 4/20
  3533 | D:4      | Noticed Robin
  3545 | D:4      | Killed Robin
  3859 | D:4      | Found a deep blue altar of Sif Muna.
  3865 | D:4      | Became a worshipper of Sif Muna the Loreminder
  4058 | D:4      | Found a shadowy altar of Dithmenos.
  4198 | D:4      | Found a staircase to the Ecumenical Temple.
  4919 | D:5      | Entered Level 5 of the Dungeon
  5175 | D:5      | Reached XP level 8. HP: 39/41 MP: 10/21
  5225 | D:5      | Got a blackened dagger
  5484 | D:5      | Acquired Sif Muna's first power
  5598 | D:5      | Found Yggeka's Antique Armour Boutique.
  6176 | D:6      | Reached skill level 10 in Conjurations
  6341 | D:6      | Acquired Sif Muna's second power
  6490 | D:6      | Noticed Duvessa
  6508 | D:6      | Killed Duvessa
  6508 | D:6      | Reached skill level 1 in Invocations
  6510 | D:6      | Noticed Dowan
  6513 | D:6      | Killed Dowan
  6718 | D:6      | Reached XP level 9. HP: 35/45 MP: 10/22
  6844 | D:6      | Reached skill level 5 in Invocations
  7369 | D:7      | Found a sacrificial altar of Ru.
  7603 | D:7      | Identified the +2 dagger of Eternal Harmony {flame, -Cast +Blink +Fly rN+ Int+4} (You found it on level 5 of the Dungeon)
  7697 | D:7      | Reached skill level 1 in Short Blades
  7875 | D:7      | HP: 2/45 [killer bee (7)]
  7880 | D:7      | HP: 1/45 [poisoned by a killer bee]
  7881 | D:7      | Succumbed to a killer bee's poison

Action                   |  1- 3 |  4- 6 |  7- 9 || total
-------------------------+-------+-------+-------++-------
Melee: Quarterstaff      |       |     3 |       ||     3
Throw: Stone             |     3 |       |       ||     3
 Cast: Magic Dart        |    77 |    67 |   180 ||   324
       Searing Ray       |     2 |    21 |    27 ||    50
       Iskenderun's Batt |       |       |    17 ||    17
Invok: Channel Energy    |       |       |     4 ||     4
  Use: Scroll            |       |       |     5 ||     5
       Potion            |       |       |     4 ||     4
  Eat: Chunk             |     1 |     7 |    21 ||    29
